AoeStats
← haha

Arena

509744843Analyzed
1v1 RM · 5d ago on Sep 27, 2026· 28m 25s· 2 players
Game mode
Random Map
Map size
Tiny (2 player)
Population
200
Speed
Normal
Resources
Standard
Victory
Conquest
Starting age
Dark Age
Ending age
Imperial Age
RankedLock teamsTeams togetherTeam positionsShared explorationLock speedFull tech treeHidden civsTurbo modeCheats
Victory
Defeat
🇨🇱 Turks · Chile
1088
+18
🇷🇺 Turks · Russia
1129
-18
MBG
12:25 Feudal Age
13:28 Double-Bit Axe
14:17 Gold Mining
16:46 Castle Age
22:08 Imperial Age
25:05 Padded Archer Armor
haha
10:15 Feudal Age
11:40 Double-Bit Axe
11:37 Horse Collar
12:57 Loom
17:14 Castle Age
18:09 Bow Saw
21:05 Gold Mining
22:32 Wheelbarrow
27:04 Imperial Age
26:22 Wheelbarrow
26:11 Masonry
26:53 Scale Barding Armor
27:39 Bloodlines
Connection lost

Rejoining the realm…

Still unreachable

The connection could not be restored.

Session expired

The server has moved on; the page needs a fresh start.